 Dungeon Crawl Stone Soup version 0.21.1-1-g345015f (webtiles) character file.

196 tidbits the Sneak (level 5, 5/37 HPs)
             Began as a Gnoll Enchanter on June 6, 2018.
             Quit the game on level 6 of the Dungeon.
             The game lasted 00:09:40 (823 turns).

tidbits the Sneak (Gnoll Enchanter)                  Turns: 823, Time: 00:09:40

Health: 5/37       AC:  2    Str:  9 (10) XL:     5   Next: 75%
Magic:  1/12       EV: 15    Int: 17 (19) God:
Gold:   66         SH:  0    Dex: 15      Spells: 5/14 levels left

rFire    + . .     SeeInvis .   j - -3 quarterstaff (curse)
rCold    + . .     Gourm    .   (shield currently unavailable)
rNeg     . . .     Faith    .   b - +0 robe
rPois    +         Spirit   .   (no helmet)
rElec    +         Reflect  .   (no cloak)
rCorr    +         Harm     .   (no gloves)
MR       .....                  (no boots)
Stlth    +++.......             (no amulet)
HPRegen  0.12/turn              (no ring)
MPRegen  0.13/turn              (no ring)

@: resistant, very slightly contaminated
A: distributed training, fangs 1, strong nose
a: no special abilities


You were on level 6 of the Dungeon.
You were hungry.

You visited 1 branch of the dungeon, and saw 6 of its levels.

You collected 66 gold pieces.

Inventory:

Hand Weapons
 a - a +1 dagger
 h - a cursed -2 spear
 j - a cursed -3 quarterstaff (weapon)
 m - a +0 flail
Missiles
 e - 38 arrows
 k - 11 stones
 n - a throwing net (quivered) {!f}
Armour
 b - a +0 robe (worn)
Scrolls
 f - a scroll of amnesia
 g - a scroll of remove curse {unknown}
 i - 2 scrolls of immolation {unknown}
 l - a scroll of enchant weapon {unknown}
 o - a scroll of enchant armour {unknown}
Books
 c - a book of Maledictions

   Spells                             Type                      Level
   a - Corona                         Hexes                        1
   b - Ensorcelled Hibernation        Hexes/Ice                    2
   c - Confuse                        Hexes                        3
   d - Tukima's Dance                 Hexes                        3
   e - Dazzling Spray                 Conjuration/Hexes            3
Comestibles
 d - 4 rations


   Skills:
 + Level 1.6 Fighting
 + Level 3.0 Short Blades
 + Level 1.6 Long Blades
 + Level 1.6 Axes
 + Level 1.6 Maces & Flails
 + Level 1.6 Polearms
 + Level 1.6 Staves
 + Level 1.6 Slings
 + Level 1.6 Bows
 + Level 1.6 Crossbows
 + Level 1.6 Throwing
 + Level 1.6 Armour
 + Level 4.8 Dodging
 + Level 6.2 Stealth
 + Level 1.6 Shields
 + Level 1.6 Unarmed Combat
 + Level 5.2 Spellcasting
 + Level 1.2 Conjurations
 + Level 5.5 Hexes
 + Level 1.2 Charms
 + Level 1.2 Summonings
 + Level 1.2 Necromancy
 + Level 1.2 Translocations
 + Level 1.2 Transmutations
 + Level 1.2 Fire Magic
 + Level 1.2 Ice Magic
 + Level 1.2 Air Magic
 + Level 1.2 Earth Magic
 + Level 1.2 Poison Magic
 + Level 1.8 Invocations
 + Level 1.6 Evocations


You had 5 spell levels left.
You knew the following spells:

 Your Spells              Type           Power        Failure   Level  Hunger
a - Corona                Hex            ###....      1%          1    None
c - Confuse               Hex            ###.....     4%          3    ###....
d - Dazzling Spray        Conj/Hex       ###...       10%         3    ###....
e - Ensorcelled Hibernat  Hex/Ice        ###...       4%          2    #......


Dungeon Overview and Level Annotations

Branches:
Dungeon (6/15)
 Temple: D:4-7

Altars:
Nemelex Xobeh

Annotations:
D:3 Jaiteiro's ghost, amateur MiBe
D:5 kabkan's ghost, amateur MiBe
D:6 1 transporter


Innate Abilities, Weirdness & Mutations

Your experience applies equally to all skills.
You have very sharp teeth.
Your uncanny sense of smell can sniff out nearby items.


Message History

Found a ring mail.
Found a transporter.
You see here a ring mail.
Found a potion of resistance.
Press: ? - help, v - describe, . - travel A transporter.
There is a transporter here.
You enter the transporter and appear at another place.
You see here a potion of resistance.
p - a potion of resistance You open the gate. 2 zombies come into view.
An orc warrior zombie is wielding a flail of venom.
An orc warrior zombie is wielding a war axe of venom.
Found four items.
Found a transporter.
Unknown command.
You feel protected.
The orc warrior zombie hits you with a war axe of venom!
* * * LOW HITPOINT WARNING * * *
Unknown command.
Casting: Ensorcelled Hibernation
Confirm with . or Enter, or press ? or * to list all spells.
Aiming: Dazzling Spray
Press: ? - help, Shift-Dir - straight line, f - orc warrior zombie
Aim: an orc warrior zombie, wielding a war axe of venom (poison gas)
The spray of energy misses the orc warrior zombie.
The spray of energy hits the orc warrior zombie.
The orc warrior zombie is lightly damaged.
An ogre zombie comes into view. It is wielding a giant club of venom.
Casting: Dazzling Spray
Confirm with . or Enter, or press ? or * to list all spells.
Aiming: Confuse
Press: ? - help, Shift-Dir - straight line, f/p - orc warrior zombie
Aim: an orc warrior zombie, wielding a war axe of venom (poison gas, chance to defeat MR: 66%)
Okay, then.
Unknown command.
Wield which item (- for none, * to show all)? (? for menu, Esc to quit)
Okay, then.
Unknown command.
Casting: Confuse
Confirm with . or Enter, or press ? or * to list all spells.
Aiming: Confuse
Press: ? - help, Shift-Dir - straight line, f/p - orc warrior zombie
Aim: an orc warrior zombie, wielding a war axe of venom (chance to defeat MR: 66%)
The orc warrior zombie appears confused.
You hit the orc warrior zombie. You bite the orc warrior zombie.
The orc warrior zombie is lightly damaged.
You hit the orc warrior zombie.
The orc warrior zombie is lightly damaged.
Wield which item (- for none, * to show all)? (? for menu, Esc to quit)
It sticks to your hand!
j - a cursed -3 quarterstaff (weapon)
You hit the orc warrior zombie but do no damage.
The orc warrior zombie is lightly damaged.
The orc warrior zombie hits the orc warrior zombie with a war axe of venom!
The orc warrior zombie misses you.
You closely miss the orc warrior zombie.
The orc warrior zombie is heavily damaged.
You sock the orc warrior zombie!
The orc warrior zombie is severely damaged.
The orc warrior zombie hits you with a flail of venom.
* * * LOW HITPOINT WARNING * * *
You hit the orc warrior zombie but do no damage.
The orc warrior zombie is severely damaged.
The orc warrior zombie hits you with a flail of venom.
* * * LOW HITPOINT WARNING * * *
Casting: Confuse
Confirm with . or Enter, or press ? or * to list all spells.
Aiming: Confuse
Press: ? - help, Shift-Dir - straight line, f/p - orc warrior zombie
Aim: an orc warrior zombie, wielding a war axe of venom (lightly damaged, confused, chance to defeat MR: 66%)
The orc warrior zombie struggles to resist.
You are feeling hungry.
The orc warrior zombie closely misses you.
Casting: Confuse
Confirm with . or Enter, or press ? or * to list all spells.
Aiming: Confuse
Press: ? - help, Shift-Dir - straight line, f/p - orc warrior zombie
Aim: an orc warrior zombie, wielding a war axe of venom (lightly damaged, confused, chance to defeat MR: 66%)
You miscast Confuse.
You are very lightly contaminated with residual magic.
Your hands glow momentarily.
Unknown command.
You aren't carrying any potions.
Unknown command.
Fire/throw which item? (* to show all) (? for menu, Esc to quit)
Really fire
n - 2 throwing nets {!f}?
Press: ? - help, Shift-Dir - straight line, f - ogre zombie, p - orc warrior zombie
Aim: an ogre zombie, wielding a giant club of venom You throw a throwing net {!f}.
The throwing net {!f} hits the orc warrior zombie.
The orc warrior zombie is caught in the net!
The orc warrior zombie is severely damaged.
The orc warrior zombie struggles against the net.
You can't unwield your weapon to draw a new one!
Unknown command.
As you read the scroll labeled WUSITH CIRPHISY, it crumbles to dust.
It is a scroll of amnesia.
Okay, then.
The orc warrior zombie struggles against the net.
Are you sure you want to abandon this character and quit the game? (Confirm with "yes".)

...o##.#
######.## o...
............###
.o..
#.########....#
.... ... #.©..#
#.# #########
#§§§§§§§# ∆
#§§.§.§§#
#§§#©#.§#
#§§.@.§§#
#.§#Z#§§#
#§§ZZ..§#
###§§§###
§.§§.§§
#§§.§§§§§§#
#.§§...§§.#
#§.§$?$.§§#
#§§§[©/.§§#


You could see 2 orc warrior zombies and an ogre zombie.

Vanquished Creatures
  An ice beast (D:5)
  A hound skeleton (D:4)
  4 adders
  An ooze (D:2)
  3 dart slugs
  4 leopard geckos
  2 orcs (D:6)
  2 bats (D:1)
  4 giant cockroaches
  2 goblins
  5 hobgoblins
  A quokka (D:5)
  A ball python (D:2)
  2 frilled lizards
  4 kobolds
  7 rats
44 creatures vanquished.

Notes
Turn   | Place    | Note
-------+----------+-------------------------------------------
     0 | D:1      | tidbits the Gnoll Enchanter began the quest for the Orb.
     0 | D:1      | Reached XP level 1. HP: 13/13 MP: 6/6
    77 | D:1      | Reached XP level 2. HP: 5/19 MP: 3/7
    94 | D:1      | Learned a level 2 spell: Ensorcelled Hibernation
   206 | D:2      | Reached XP level 3. HP: 8/25 MP: 5/9
   211 | D:2      | Learned a level 3 spell: Confuse
   215 | D:2      | Learned a level 3 spell: Dazzling Spray
   229 | D:2      | Reached skill level 6 in Stealth
   229 | D:2      | Reached skill level 5 in Spellcasting
   283 | D:2      | Reached skill level 1 in Invocations
   369 | D:3      | Noticed Jaiteiro's ghost (amateur MiBe)
   371 | D:3      | Reached skill level 1 in Fighting
   371 | D:3      | Reached skill level 1 in Long Blades
   371 | D:3      | Reached skill level 1 in Axes
   371 | D:3      | Reached skill level 1 in Maces & Flails
   371 | D:3      | Reached skill level 1 in Polearms
   371 | D:3      | Reached skill level 1 in Staves
   371 | D:3      | Reached skill level 1 in Slings
   371 | D:3      | Reached skill level 1 in Bows
   371 | D:3      | Reached skill level 1 in Crossbows
   371 | D:3      | Reached skill level 1 in Throwing
   371 | D:3      | Reached skill level 1 in Armour
   371 | D:3      | Reached skill level 1 in Shields
   371 | D:3      | Reached skill level 1 in Unarmed Combat
   371 | D:3      | Reached skill level 1 in Evocations
   371 | D:3      | Reached XP level 4. HP: 15/32 MP: 11/11
   409 | D:2      | Found a sparkling altar of Nemelex Xobeh.
   435 | D:1      | HP: 1/32 [hobgoblin/club (4)]
   530 | D:5      | Entered Level 5 of the Dungeon
   532 | D:5      | Noticed kabkan's ghost (amateur MiBe)
   641 | D:5      | Noticed an ice beast
   645 | D:5      | Reached skill level 1 in Conjurations
   645 | D:5      | Reached skill level 1 in Charms
   645 | D:5      | Reached skill level 1 in Summonings
   645 | D:5      | Reached skill level 1 in Necromancy
   645 | D:5      | Reached skill level 1 in Translocations
   645 | D:5      | Reached skill level 1 in Transmutations
   645 | D:5      | Reached skill level 1 in Fire Magic
   645 | D:5      | Reached skill level 1 in Ice Magic
   645 | D:5      | Reached skill level 1 in Air Magic
   645 | D:5      | Reached skill level 1 in Earth Magic
   645 | D:5      | Reached skill level 1 in Poison Magic
   658 | D:5      | HP: 2/32 [ice beast (11)]
   699 | D:5      | Killed an ice beast
   699 | D:5      | Reached skill level 3 in Short Blades
   699 | D:5      | Reached XP level 5. HP: 7/37 MP: 2/12
   793 | D:6      | Found a transporter.
   806 | D:6      | Found a transporter.
   823 | D:6      | Quit the game

Skill      XL: |  1  2  3  4 |
---------------+-------------+-----
Stealth        | 6 |  6.2
Spellcasting   | 5 |  5.2
Invocations    | 1 |  1.8
Fighting       | 1 |  1.6
Long Blades    | 1 |  1.6
Axes           | 1 |  1.6
Maces & Flails | 1 |  1.6
Polearms       | 1 |  1.6
Staves         | 1 |  1.6
Slings         | 1 |  1.6
Bows           | 1 |  1.6
Crossbows      | 1 |  1.6
Throwing       | 1 |  1.6
Armour         | 1 |  1.6
Shields        | 1 |  1.6
Unarmed Combat | 1 |  1.6
Evocations     | 1 |  1.6
Conjurations   | 1 |  1.2
Charms         | 1 |  1.2
Summonings     | 1 |  1.2
Necromancy     | 1 |  1.2
Translocations | 1 |  1.2
Transmutations | 1 |  1.2
Fire Magic     | 1 |  1.2
Ice Magic      | 1 |  1.2
Air Magic      | 1 |  1.2
Earth Magic    | 1 |  1.2
Poison Magic   | 1 |  1.2
Short Blades   | 3 |  3.0
Dodging        | |  4.8
Hexes          | |  5.5

Action                   |  1- 3 |  4- 6 || total
-------------------------+-------+-------++-------
Melee: Dagger            |    56 |    44 ||   100
       Bite              |     2 |     5 ||     7
       Quarterstaff      |       |     4 ||     4
Throw: Throwing net      |       |     1 ||     1
 Cast: Corona            |    15 |     2 ||    17
       Ensorcelled Hiber |     8 |    11 ||    19
       Confuse           |       |     8 ||     8
       Dazzling Spray    |       |     1 ||     1
  Use: Potion            |       |     3 ||     3
       Scroll            |       |     1 ||     1
 Stab: Sleeping          |    10 |    13 ||    23
       Confused          |       |     2 ||     2
Armor: Robe              |    11 |     1 ||    12
Dodge: Dodged            |    61 |    12 ||    73

Table legend:
 A = Turns spent in this place as a percentage of turns spent in the entire game.
 B = Non-inter-level travel turns spent in this place as a percentage of non-inter-level travel turns spent in the entire game.
 C = Inter-level travel turns spent in this place as a percentage of turns spent in this place.
 D = Turns resting spent in this place as a percentage of non-inter-level travel turns spent in this place.
 E = Turns spent auto-exploring this place as a percentage of non-inter-level travel turns spent in this place.
 F = Non-inter-level travel turns spent in this place divided by the number of levels of this place that you've seen.
                   A       B       C       D       E      F
               +-------+-------+-------+-------+-------+----------------------
         Total | 100.0 | 100.0 |   0.0 |   0.0 |   0.0 | 137.2
       Dungeon | 100.0 | 100.0 |   0.0 |   0.0 |   0.0 | 137.2
               +-------+-------+-------+-------+-------+----------------------

Table legend:
 A = Kills in this place as a percentage of kills in entire the game.
 B = Kills by you in this place as a percentage of kills by you in the entire game.
 C = Kills by friends in this place as a percentage of kills by friends in the entire game.
 D = Other kills in this place as a percentage of other kills in the entire game.
 E = Experience gained in this place as a percentage of experience gained in the entire game.
 F = Experience gained in this place divided by the number of levels of this place that you have seen.
                   A       B       C       D       E      F
               +-------+-------+-------+-------+-------+----------------------
         Total | 100.0 | 100.0 |   N/A | 100.0 | 100.0 |  46.8
       Dungeon | 100.0 | 100.0 |   N/A | 100.0 | 100.0 |  46.8
               +-------+-------+-------+-------+-------+----------------------

Vault maps used:
D:1:      lemuel_arrival_lava_pool
D:2:      nemelex_xobeh_ov_fountains_minmay, first_ration, uniq_jessica,
          uniq_crazy_yiuf_cottage
D:3:      minmay_box_of_dots
D:4:      hangedman_decor_diamond_cutter, kennysheep_nondescript
D:5:      old_standard_altar, okawaru_metal_pillars_1_2, serial_shops,
          nicolae_shop_waterfront, shop,
          nicolae_shop_temple_entry_statues_fountains
D:6:      gammafunk_cloud_chamber, ashenzari_conservatory_becter,
          minmay_temple_entry_overgrown
